[Event "FICS Team League T30"]
[Site "Free Internet Chess Server"]
[Date "2006.05.19"]
[Time "09:27:39 GMT"]
[Round "5"]
[White "jwgoes"]
[Black "jestrada"]
[Result "0-1"]
[WhiteElo "1866"]
[BlackElo "1755"]
[TimeControl "2700+45"]

1.Nf3 {(0:00)} Nc6 {(0:00)} 2.d4 {(0:12)} e6 {(0:18)} 3.c4 {(0:49)} Nf6 {(0:07)} 4.Nc3 {(1:26)} Bb4 {(0:07)} 5.Bg5 {(0:42)} b6 {(0:51)} 6.e3 {(1:08)} Bb7 {(0:10)} 7.Bd3 {(0:37)} Qe7 {(0:07)} 8.a3 {(2:16)} Bxc3+ {(0:04)} 9.bxc3 {(0:01)} h6 {(0:01)} 10.Bh4 {(0:09)} g5 {(0:14)} 11.Bg3 {(0:42)} h5 {(0:03)} 12.Bxc7 {(0:06)} d6 {(0:16)} 13.Bxd6 {(1:04)} Qxd6 {(0:06)} 14.Nxg5 {(0:01)} Rg8 {(0:09)} 15.h4 {(1:41)} Ke7 {(2:14)} 16.e4 {(1:16)} Ng4 {(0:18)
jwgoes(1866) whispers: this guy plays really fast...}
17.e5 {(2:48)} Ncxe5 {(0:12)} 18.dxe5 {(0:06)} Qxe5+ {(0:03)} 19.Kf1 {(3:36)
LLIAMAH(1775) whispers: time to think}
Rad8 {(7:19)} 20.Nf3 {(2:16)
jwgoes(1866) whispers: i'm already lost
{jwgoes resigns} 0-1